 Seeded DCSS version 0.29.1-13-g9f3cf754e1 (webtiles) character file.

Game seed: 12928990294229459570 (custom seed)

11 Mickster the Gusty (level 2, -1/20 HPs)
             Began as a Demigod Wanderer on Feb 10, 2023.
             Succumbed to an adder's poison
             ... on level 2 of the Dungeon.
             The game lasted 00:14:16 (1499 turns).

Mickster the Gusty (Demigod Wanderer)               Turns: 1499, Time: 00:14:17

Health: -1/20      AC:  9    Str: 13    XL:     2   Next: 3%
Magic:  7/7        EV:  5    Int: 15    God:
Gold:   66         SH:  0    Dex: 12    Spells: 3/4 levels left

rFire   . . .      SeeInvis .   g - +0 short sword
rCold   . . .      Faith    .   (no shield)
rNeg    . . .      Spirit   .   j - +0 chain mail
rPois   .          Reflect  .   (no helmet)
rElec   .          Harm     .   f - +0 cloak
rCorr   .          Rampage  .   (no gloves)
Will    .....                   (no boots)
Stlth   ..........              k - amulet of the acrobat
HPRegen 0.06/turn               m - ring of flight
MPRegen 0.10/turn               (no ring)

@: lethally poisoned (-1 -> -3), silenced, flying
A: high MP 1, forlorn, divine attributes
a: no special abilities


You were on level 2 of the Dungeon.
You visited 1 branch of the dungeon, and saw 2 of its levels.

You collected 66 gold pieces.

Inventory:

Hand Weapons
 a - a +0 club
 g - a +0 short sword (weapon)
Missiles
 i - 13 stones
Armour
 d - a +0 robe
 f - a +0 cloak (worn)
 h - a +0 leather armour
 j - a +0 chain mail (worn)
Jewellery
 k - an amulet of the acrobat (around neck)
 m - a ring of flight (left hand)
Scrolls
 c - a scroll of fog
 e - a scroll of teleportation
 n - a scroll of poison {unknown}
Miscellaneous
 b - a piece from Xom's chessboard (15/15)


   Skills:
 * Level 0.3 Short Blades
 - Level 0.1 Maces & Flails
 + Level 1.0 Armour
 + Level 1.0 Dodging
 + Level 1.0 Stealth
 + Level 1.9 Spellcasting
 + Level 0.1 Conjurations
 + Level 3.0 Air Magic
 + Level 1.7 Evocations


You had 3 spell levels left.
You knew the following spells:

 Your Spells              Type           Power      Damage    Failure   Level
a - Shock                 Conj/Air       24%        1d4       99%         1

Your spell library contained the following spells:

 Spells                   Type           Power      Damage    Failure   Level
 Static Discharge         Conj/Air       6%         3-4/arc   99%         2
 Corpse Rot               Necr/Pois/Air  4%         N/A       100%        4


Dungeon Overview and Level Annotations

Branches:
Dungeon (2/15)

Shops:
D:1 (::!   D:2 *((?


Innate Abilities, Weirdness & Mutations

You have an increased reservoir of magic. (+10% MP)
You shall have no god before yourself.
Your divine heritage dramatically boosts your attributes as you level up.


Message History

The frilled lizard barely misses you.
You closely miss the adder. The adder bites you but does no damage.
The frilled lizard bites you but does no damage.
You barely miss the adder. The adder barely misses you.
The frilled lizard bites you but does no damage.
The adder bites you but does no damage.
You barely miss the adder. The adder bites you.
You are poisoned.
The adder poisons you!
The frilled lizard bites you but does no damage.
You barely miss the adder.
You feel sick. The adder barely misses you.
The frilled lizard bites you but does no damage.
The adder bites you but does no damage.
You miss the adder.
You feel sick. The frilled lizard bites you. The adder bites you.
You are more poisoned.
The adder poisons you!
You closely miss the adder.
You feel sick. The adder bites you but does no damage.
The frilled lizard bites you but does no damage.
You miss the adder.
You feel sick. The adder bites you but does no damage.
The frilled lizard bites you but does no damage.
The adder bites you but does no damage.
You miss the adder.
You feel sick. The frilled lizard bites you.
* * * LOW HITPOINT WARNING * * *
The adder barely misses you. The frilled lizard bites you.
* * * LOW HITPOINT WARNING * * *
As you read the scroll labelled OPLETU LIONAS, it crumbles to dust.
A profound silence engulfs you.
It was a scroll of silence.
* * * LOW HITPOINT WARNING * * *
You feel sick.
The adder bites you but does no damage. x2
The frilled lizard bites you.
* * * LOW HITPOINT WARNING * * *
You barely miss the adder.
* * * LOW HITPOINT WARNING * * *
You feel sick. The adder barely misses you.
The frilled lizard bites you but does no damage.
You hit the adder.
The adder is moderately wounded.
You die...

. ##...##...#...## ..
.. .....##.#####
...#.#####........#
....## #........#
#...###........#
#.#.#....#.....####
#.#................
####l#....#.#.∩<..####
#...S@......#.....#
#.#..##....##.><..#
#.. #.#.∩.......# #.>
..####..##### #.....#
##.# #..##∩# #.. #..
.# #. #.# ..


You could see an adder and a frilled lizard.

Vanquished Creatures
  2 bats (D:1)
  An endoplasm (D:2)
  A goblin (D:2)
  4 ball pythons (D:1)
  2 kobolds (D:1)
  A rat (D:1)
11 creatures vanquished.

Vanquished Creatures (others)
  7 demonic plants (D:2)
  5 fungi (D:2)
  2 plants (D:2)
  A withered plant (D:2)
15 creatures vanquished.

Grand Total: 26 creatures vanquished

Notes
Turn   | Place    | Note
-------+----------+-------------------------------------------
     0 | D:1      | Mickster the Demigod Wanderer began the quest for the Orb.
     0 | D:1      | Mickster set off with the following items: a +0 club, a
                  | piece from Xom's chessboard (15/15), a scroll of fog, a +0
                  | robe, a scroll of teleportation; and the following spell
                  | memorised: Shock; and the following spells available to
                  | memorise: Static Discharge, Corpse Rot.
     0 | D:1      | Reached XP level 1. HP: 14/14 MP: 5/5
   189 | D:1      | Found Zemaus's Book Boutique.
   269 | D:1      | Found Ejyus's Book Boutique.
   298 | D:1      | Found Nirryof's Weapon Shop.
   765 | D:1      | Found Cufinu's Distillery.
   933 | D:1      | Reached skill level 3 in Air Magic
   971 | D:2      | Found Woel Nya's Weapon Shop.
   980 | D:2      | Found Erheumm's Weapon Emporium.
   993 | D:2      | Reached XP level 2. HP: 2/20 MP: 7/7
  1398 | D:2      | Found Quen's Magic Scroll Shop.
  1479 | D:2      | Found Racyps Kydio's General Store.
  1498 | D:2      | HP: 1/20 [poisoned by an adder]
  1499 | D:2      | Succumbed to an adder's poison

Illustrated notes

Levels and vault maps discovered:
D:1:      evilmike_arrival_hilbert_curve, layout_basic, serial_shops,
          nicolae_lakefront_shop, nicolae_shop_behind_doors, shop, shop,
          fountainhead
D:2:      layout_rooms, shapermc_ecumenical_altar_gd, serial_shops, shop, shop,
          nicolae_shop_crystal, shop

Skill      XL: |  1 |
---------------+----+-----
Air Magic      | 3 |  3.0
Short Blades   | |  0.3
Maces & Flails | |  0.1
Armour         | |  1.0
Dodging        | |  1.0
Stealth        | |  1.0
Spellcasting   | |  1.9
Conjurations   | |  0.1
Evocations     | |  1.7

Action                   || total
-------------------------++-------
Melee: Short sword       ||    40
       Club              ||     8
       Punch             ||     1
 Cast: Shock             ||     4
  Use: Potion            ||     1
       Scroll            ||     1
Armor: Leather armour    ||    18
       Robe              ||     8
       Chain mail        ||    22
Dodge: Dodged            ||    48
